[ AOE2 MATCH · #513867721 ]
UnrankedBengalis vs Vikings
Player's team · LOSS
Rival team · WIN
[ REPLAY ANALYSIS · EXTRACTED FROM THE RECORDED GAME ]
Feudal
8:50
Castle
23:18
Imperial
37:12
| APM avg | 69.7 |
| APM peak | 130 |
| eAPM avg | 30.4 |
| Villagers / military | 138 / 123 |
Focus
⚔️ 38.1% · 🌾 61.9%
Archer ×70 · Skirmisher ×21 · Militia ×10 · Trebuchet (Packed) ×10 · Monk ×7 · Mangonel ×4
Feudal
9:15
Castle
23:01
Imperial
37:05
| APM avg | 72.1 |
| APM peak | 115 |
| eAPM avg | 36.6 |
| Villagers / military | 133 / 109 |
Focus
⚔️ 53.0% · 🌾 47.0%
Skirmisher ×84 · Unknown (2703) ×68 · Militia ×13 · Trebuchet (Packed) ×5 · Monk ×3 · Archer ×2
Match map
Initial resources + every placement click. Lines = walls · curves = elevation contours. ◆ gold · ⬟ stone · ● berries · ✦ relic · ◌ wall gap
Your base· Open — 10t gap
hK | SoyLaHostia's base· Open — unwalled flank
Smoothed initial terrain · ◌ = detected wall gap · hover for details
Inputs per minute
— ARC.Lighty - - hK | SoyLaHostia
Build order — ARC.Lighty
First 150 of 450 actions detected
| 0:01 | Queue | Villager (Male) |
| 0:02 | Build | House |
| 0:02 | Build | House |
| 0:05 | Queue | Villager (Male) |
| 0:05 | Queue | Villager (Male) |
| 0:05 | Queue | Villager (Male) |
| 0:05 | Queue | Villager (Male) |
| 1:27 | Queue | Villager (Male) |
| 2:00 | Queue | Villager (Male) |
| 2:19 | Queue | Villager (Male) |
| 2:20 | Queue | Villager (Male) |
| 2:34 | Build | Lumber Camp |
| 2:53 | Queue | Villager (Male) |
| 2:53 | Queue | Villager (Male) |
| 3:10 | Build | House |
| 3:15 | Queue | Villager (Male) |
| 3:30 | Queue | Villager (Male) |
| 3:39 | Queue | Villager (Male) |
| 4:17 | Queue | Villager (Male) |
| 4:42 | Queue | Villager (Male) |
| 4:42 | Queue | Villager (Male) |
| 4:46 | Build | Mill |
| 5:31 | Queue | Villager (Male) |
| 5:31 | Research | Loom |
| 6:40 | Research | Feudal Age |
| 6:48 | Build | Barracks |
| 7:20 | Build | House |
| 7:35 | Queue | Militia |
| 7:35 | Queue | Militia |
| 7:45 | Build | House |
| 7:47 | Build | Palisade Wall |
| 7:54 | Queue | Villager (Male) |
| 8:01 | Queue | Militia |
| 8:13 | Build | Mining Camp |
| 8:38 | Queue | Villager (Male) |
| 8:50 | Age | Feudal Age |
| 8:54 | Research | Double-Bit Axe |
| 9:01 | Queue | Villager (Male) |
| 9:15 | Research | Man-at-Arms (upgrade) |
| 9:15 | Research | Man-at-Arms (upgrade) |
| 9:34 | Queue | Villager (Male) |
| 9:47 | Build | Palisade Wall |
| 9:48 | Build | Palisade Wall |
| 9:48 | Build | Palisade Wall |
| 9:52 | Build | Palisade Wall |
| 9:53 | Build | Palisade Wall |
| 9:54 | Queue | Villager (Male) |
| 9:57 | Build | Archery Range |
| 10:10 | Build | House |
| 10:12 | Build | Palisade Wall |
| 10:15 | Build | Palisade Wall |
| 10:18 | Queue | Villager (Male) |
| 10:23 | Build | Palisade Wall |
| 10:24 | Build | Palisade Wall |
| 10:24 | Build | Palisade Wall |
| 10:26 | Build | Palisade Wall |
| 10:32 | Queue | Villager (Male) |
| 10:44 | Queue | Archer |
| 10:50 | Build | House |
| 10:56 | Queue | Spearman |
| 10:59 | Queue | Villager (Male) |
| 11:13 | Build | Farm |
| 11:22 | Queue | Villager (Male) |
| 11:26 | Build | Farm |
| 11:29 | Queue | Archer |
| 11:35 | Queue | Archer |
| 11:44 | Build | Farm |
| 11:50 | Build | Farm |
| 12:04 | Queue | Villager (Male) |
| 12:19 | Build | Blacksmith |
| 12:21 | Build | Palisade Wall |
| 12:25 | Queue | Villager (Male) |
| 12:38 | Build | Farm |
| 12:43 | Research | Horse Collar |
| 13:00 | Build | Farm |
| 13:06 | Queue | Villager (Male) |
| 13:06 | Queue | Villager (Male) |
| 13:08 | Build | House |
| 13:19 | Queue | Archer |
| 13:23 | Build | Farm |
| 13:30 | Queue | Villager (Male) |
| 13:30 | Queue | Archer |
| 13:39 | Build | Farm |
| 13:59 | Queue | Villager (Male) |
| 13:59 | Queue | Archer |
| 14:08 | Queue | Villager (Male) |
| 14:08 | Queue | Archer |
| 14:15 | Build | Farm |
| 14:16 | Build | Farm |
| 14:17 | Build | House |
| 14:25 | Research | Fletching |
| 14:25 | Research | Fletching |
| 14:36 | Queue | Militia |
| 14:36 | Queue | Militia |
| 14:42 | Build | Lumber Camp |
| 14:46 | Build | House |
| 14:52 | Queue | Villager (Male) |
| 15:02 | Queue | Archer |
| 15:07 | Queue | Militia |
| 15:09 | Build | House |
| 15:10 | Build | House |
| 15:31 | Queue | Villager (Male) |
| 15:32 | Queue | Militia |
| 15:33 | Queue | Archer |
| 15:43 | Queue | Villager (Male) |
| 15:46 | Build | Mill |
| 15:46 | Build | Farm |
| 15:47 | Build | Farm |
| 15:57 | Queue | Militia |
| 15:58 | Queue | Villager (Male) |
| 16:03 | Build | Farm |
| 16:17 | Queue | Archer |
| 16:19 | Research | Scale Mail Armor |
| 16:20 | Research | Scale Mail Armor |
| 16:31 | Queue | Villager (Male) |
| 16:58 | Queue | Villager (Male) |
| 16:58 | Queue | Archer |
| 17:00 | Build | Farm |
| 17:00 | Build | Farm |
| 17:03 | Build | Farm |
| 17:11 | Build | Farm |
| 17:24 | Queue | Villager (Male) |
| 17:24 | Queue | Archer |
| 17:26 | Queue | Militia |
| 17:48 | Queue | Villager (Male) |
| 17:55 | Queue | Villager (Male) |
| 17:55 | Queue | Archer |
| 17:56 | Queue | Militia |
| 18:01 | Build | Farm |
| 18:01 | Build | Farm |
| 18:01 | Build | Farm |
| 18:01 | Build | Farm |
| 18:45 | Queue | Villager (Male) |
| 18:54 | Research | Wheelbarrow |
| 18:54 | Research | Wheelbarrow |
| 18:57 | Build | Farm |
| 19:00 | Build | Farm |
| 19:14 | Build | Palisade Gate |
| 19:15 | Build | Palisade Wall |
| 19:21 | Build | Market |
| 19:31 | Queue | Archer |
| 19:35 | Queue | Skirmisher |
| 19:51 | Build | Palisade Wall |
| 19:55 | Build | Palisade Wall |
| 20:01 | Build | Palisade Wall |
| 20:06 | Build | Palisade Wall |
| 20:09 | Queue | Skirmisher |
| 20:15 | Build | Stone Wall |
| 20:38 | Research | Castle Age |
| 20:38 | Research | Castle Age |
Build order — hK | SoyLaHostia
First 150 of 506 actions detected
| 0:00 | Queue | Villager (Male) ×4 |
| 0:02 | Build | House |
| 0:04 | Build | House |
| 1:25 | Queue | Villager (Male) |
| 1:25 | Queue | Villager (Male) |
| 1:57 | Build | Lumber Camp |
| 1:58 | Queue | Villager (Male) |
| 2:28 | Queue | Villager (Male) |
| 2:52 | Queue | Villager (Male) |
| 2:52 | Queue | Villager (Male) |
| 3:36 | Queue | Villager (Male) |
| 3:59 | Build | House |
| 4:01 | Queue | Villager (Male) |
| 4:30 | Queue | Villager (Male) |
| 4:51 | Queue | Villager (Male) |
| 5:20 | Queue | Villager (Male) |
| 5:27 | Queue | Villager (Male) |
| 5:49 | Build | Barracks |
| 5:57 | Research | Loom |
| 6:02 | Queue | Villager (Male) |
| 6:02 | Research | Loom |
| 6:34 | Build | House |
| 6:46 | Build | Palisade Wall |
| 7:03 | Research | Feudal Age |
| 7:03 | Research | Feudal Age |
| 7:11 | Queue | Militia |
| 7:15 | Build | Mining Camp |
| 7:38 | Build | House |
| 7:42 | Queue | Militia |
| 8:01 | Queue | Militia |
| 8:31 | Queue | Villager (Male) |
| 8:40 | Build | Mill |
| 9:15 | Age | Feudal Age |
| 9:18 | Research | Man-at-Arms (upgrade) |
| 9:23 | Build | Palisade Wall |
| 9:24 | Build | Palisade Wall |
| 9:25 | Build | Palisade Wall |
| 9:36 | Build | Palisade Wall |
| 9:39 | Queue | Villager (Male) |
| 9:46 | Build | Farm |
| 9:48 | Build | Farm |
| 9:50 | Build | Farm |
| 10:02 | Queue | Villager (Male) |
| 10:18 | Build | House |
| 10:29 | Queue | Villager (Male) |
| 10:36 | Build | House |
| 10:43 | Build | Palisade Wall |
| 10:48 | Queue | Villager (Male) |
| 11:11 | Queue | Villager (Male) |
| 11:22 | Build | House |
| 11:28 | Build | Archery Range |
| 11:35 | Build | Farm |
| 11:41 | Queue | Villager (Male) |
| 11:48 | Build | Farm |
| 11:49 | Build | Farm |
| 11:57 | Queue | Villager (Male) |
| 12:19 | Build | Farm |
| 12:23 | Queue | Archer |
| 12:23 | Queue | Archer |
| 12:25 | Build | Farm |
| 12:32 | Queue | Villager (Male) |
| 12:49 | Research | Double-Bit Axe |
| 12:49 | Research | Double-Bit Axe |
| 12:59 | Build | Farm |
| 13:00 | Queue | Villager (Male) |
| 13:18 | Queue | Skirmisher |
| 13:27 | Queue | Villager (Male) |
| 13:32 | Queue | Villager (Male) |
| 13:34 | Build | Blacksmith |
| 13:54 | Queue | Skirmisher |
| 13:56 | Queue | Villager (Male) |
| 14:05 | Queue | Villager (Male) |
| 14:17 | Build | Farm |
| 14:19 | Build | Farm |
| 14:26 | Research | Fletching |
| 14:32 | Build | Farm |
| 14:49 | Build | Farm |
| 14:50 | Research | Horse Collar |
| 14:55 | Build | House |
| 15:00 | Queue | Skirmisher |
| 15:00 | Queue | Skirmisher |
| 15:12 | Queue | Villager (Male) |
| 15:12 | Queue | Villager (Male) |
| 15:34 | Build | House |
| 15:37 | Queue | Skirmisher |
| 15:42 | Queue | Militia |
| 15:42 | Queue | Militia |
| 15:52 | Queue | Villager (Male) |
| 16:04 | Build | House |
| 16:05 | Build | Farm |
| 16:07 | Queue | Villager (Male) |
| 16:14 | Queue | Skirmisher |
| 16:15 | Queue | Militia |
| 16:15 | Queue | Militia |
| 16:34 | Queue | Skirmisher |
| 16:39 | Queue | Militia |
| 16:58 | Queue | Villager (Male) |
| 16:59 | Queue | Villager (Male) |
| 17:01 | Queue | Skirmisher |
| 17:01 | Queue | Militia |
| 17:07 | Build | Farm |
| 17:15 | Build | Farm |
| 17:34 | Queue | Villager (Male) |
| 17:44 | Queue | Skirmisher |
| 17:45 | Queue | Militia |
| 17:54 | Build | Farm |
| 17:56 | Queue | Militia |
| 17:57 | Research | Scale Mail Armor |
| 17:58 | Queue | Skirmisher |
| 18:02 | Queue | Villager (Male) |
| 18:15 | Build | Farm |
| 18:16 | Build | Farm |
| 18:18 | Queue | Skirmisher |
| 18:32 | Queue | Villager (Male) |
| 18:40 | Queue | Militia |
| 18:40 | Queue | Skirmisher |
| 18:47 | Queue | Villager (Male) |
| 18:48 | Build | Farm |
| 18:59 | Queue | Militia |
| 19:08 | Queue | Villager (Male) |
| 19:43 | Build | Market |
| 19:53 | Queue | Villager (Male) |
| 20:21 | Research | Castle Age |
| 20:24 | Queue | Skirmisher |
| 20:27 | Build | Lumber Camp |
| 20:36 | Research | Arson |
| 20:43 | Build | Farm |
| 21:06 | Queue | Skirmisher |
| 21:08 | Build | Farm |
| 21:09 | Build | Farm |
| 21:21 | Build | House |
| 21:41 | Queue | Skirmisher |
| 21:43 | Build | Farm |
| 21:44 | Build | House |
| 21:45 | Build | House |
| 21:50 | Queue | Skirmisher |
| 22:05 | Build | Farm |
| 22:09 | Queue | Villager (Male) |
| 22:28 | Queue | Skirmisher |
| 22:30 | Build | Farm |
| 23:01 | Age | Castle Age |
| 23:09 | Research | Bodkin Arrow |
| 23:10 | Queue | Unit 2703 |
| 23:11 | Queue | Unit 2703 |
| 23:20 | Queue | Villager (Male) |
| 23:23 | Build | Town Center |
| 23:25 | Research | Bow Saw |
| 23:38 | Research | Elite Skirmisher (upgrade) |
| 23:40 | Build | Farm |
| 23:45 | Queue | Unit 2703 |
Match timeline
| 5:49 | hK | SoyLaHostia · first_building Barracks |
| 6:46 | hK | SoyLaHostia · wall_segment Palisade Wall x1 |
| 6:48 | ARC.Lighty · first_building Barracks |
| 7:47 | ARC.Lighty · wall_segment Palisade Wall x1 |
| 8:50 | ARC.Lighty · age_up feudal |
| 9:15 | hK | SoyLaHostia · age_up feudal |
| 9:23 | hK | SoyLaHostia · wall_segment Palisade Wall x1 |
| 9:24 | hK | SoyLaHostia · wall_segment Palisade Wall x1 |
| 9:25 | hK | SoyLaHostia · wall_segment Palisade Wall x1 |
| 9:36 | hK | SoyLaHostia · wall_segment Palisade Wall x4 |
| 9:47 | ARC.Lighty · wall_segment Palisade Wall x1 |
| 9:48 | ARC.Lighty · wall_segment Palisade Wall x1 |
| 9:48 | ARC.Lighty · wall_segment Palisade Wall x1 |
| 9:52 | ARC.Lighty · wall_segment Palisade Wall x1 |
| 9:53 | ARC.Lighty · wall_segment Palisade Wall x1 |
| 9:57 | ARC.Lighty · first_building Archery Range |
| 10:12 | ARC.Lighty · wall_segment Palisade Wall x1 |
| 10:15 | ARC.Lighty · wall_segment Palisade Wall x3 |
| 10:23 | ARC.Lighty · wall_segment Palisade Wall x1 |
| 10:24 | ARC.Lighty · wall_segment Palisade Wall x3 |
| 10:24 | ARC.Lighty · wall_segment Palisade Wall x2 |
| 10:26 | ARC.Lighty · wall_segment Palisade Wall x1 |
| 10:43 | hK | SoyLaHostia · wall_segment Palisade Wall x5 |
| 11:28 | hK | SoyLaHostia · first_building Archery Range |
| 12:21 | ARC.Lighty · wall_segment Palisade Wall x1 |
| 19:15 | ARC.Lighty · wall_segment Palisade Wall x1 |
| 19:51 | ARC.Lighty · wall_segment Palisade Wall x1 |
| 19:55 | ARC.Lighty · wall_segment Palisade Wall x13 |
| 20:01 | ARC.Lighty · wall_segment Palisade Wall x10 |
| 20:06 | ARC.Lighty · wall_segment Palisade Wall x5 |
| 20:15 | ARC.Lighty · wall_segment Stone Wall x1 |
| 20:21 | hK | SoyLaHostia · first_market_buy 100 food |
| 21:21 | ARC.Lighty · wall_segment Palisade Wall x1 |
| 21:28 | ARC.Lighty · wall_segment Stone Wall x1 |
| 21:46 | ARC.Lighty · wall_segment Stone Wall x4 |
| 22:05 | ARC.Lighty · wall_segment Stone Wall x1 |
| 22:21 | ARC.Lighty · wall_segment Stone Wall x12 |
| 22:39 | ARC.Lighty · first_market_buy 100 stone |
| 22:42 | ARC.Lighty · first_market_sell 100 food |
| 23:01 | hK | SoyLaHostia · age_up castle |
| 23:18 | ARC.Lighty · age_up castle |
| 23:51 | ARC.Lighty · wall_segment Palisade Wall x1 |
| 25:14 | ARC.Lighty · first_building Monastery |
| 25:37 | hK | SoyLaHostia · first_building Monastery |
| 26:48 | ARC.Lighty · first_building Siege Workshop |
| 32:37 | ARC.Lighty · first_building Castle |
| 32:39 | hK | SoyLaHostia · first_building Castle |
| 37:05 | hK | SoyLaHostia · age_up imperial |
| 37:12 | ARC.Lighty · age_up imperial |
| 40:38 | hK | SoyLaHostia · first_market_sell 100 food |
| 41:41 | ARC.Lighty · resign |
[ AI ANALYSIS · 1 CREDIT ]
What really happened in this match?
Wolo.gg analyzes every decision: build order, eco, micro, common mistakes by bracket. Personalized analysis on WhatsApp or Discord in 30 seconds.
Civ guide
Bengalis
Perfil
Jugador #738035